Cogmind - Beta 13 @@@ ROGUE MODE // 2024.05.09 @ 18:18:51 Player: P9H Result: Destroyed by L-31 Rogue with Katana Performance ------------- Evolutions (1) 500 Regions Visited (3) 600 Robots Destroyed (34) 170 Value Destroyed (843) 843 Prototype IDs (0) 0 Alien Tech Used (0) 0 Bonus (84) 84 TOTAL SCORE: 2197 Bonus ------- High Alert Combat Kills 84 Cogmind --------- Core Integrity 0/400 Matter 183/300 Energy 450/450 System Corruption 0% Temperature Cool (6) Movement Walking (190) Ox1 Location -9/Mines Parts ------- > --- POWER (1) -------- Ion Engine > --- PROPULSION (3) --- Aluminum Leg Aluminum Leg > --- UTILITY (3) ------ Large Storage Unit Large Battery Visual Processing Unit > --- WEAPON (2) ------- Heavy Assault Rifle > --- INVENTORY (15) --- Ion Engine Large Storage Unit High-capacity Matter Pod (0) Peak State ------------ > --- POWER ------------ Ion Engine > --- PROPULSION ------- Light Treads Light Treads > --- UTILITY ---------- Large Storage Unit Large Battery Light Armor Plating > --- WEAPON ----------- Assault Rifle Grenade Launcher > --- INVENTORY -------- Ion Engine Aluminum Leg Aluminum Leg Wheel Compact Wheel Large Storage Unit Large Matter Pod EM Pulse Gun Light Assault Rifle Heavy Assault Rifle [Rating: 9] Favorites ----------- Power Ion Engine Engine Ion Engine Propulsion Light Treads Treads Light Treads Leg Aluminum Leg Wheel Compact Wheel Utility Large Storage Unit Storage Large Storage Unit Processor Visual Processing Unit Protection Light Armor Plating Weapon Assault Rifle Energy Gun EM Pulse Gun Ballistic Gun Assault Rifle Launcher Grenade Launcher Build | -11 -10 -9 -9 ------- Run | Yrd Mat Mat Min Slots Evolved 2 | . . 2 . Power . | . . . . Propulsion 1 | . . 1 . Utility 1 | . . 1 . Weapon . | . . . . Parts Attached 22 | 7 4 11 . Power 2 | 1 . 1 . Engine 2 | 1 . 1 . Core . | . . . . Reactor . | . . . . Propulsion 7 | 3 . 4 . Treads 2 | 2 . . . Leg 2 | . . 2 . Wheel 3 | 1 . 2 . Hover . | . . . . Flight . | . . . . Utility 6 | 1 3 2 . Device . | . . . . Storage 4 | 1 2 1 . Processor 1 | . . 1 . Hackware . | . . . . Protection 1 | . 1 . . Artifact . | . . . . Weapon 7 | 2 1 4 . Energy Gun 3 | 1 . 2 . Energy Cannon . | . . . . Ballistic Gun 3 | 1 . 2 . Ballistic Cannon . | . . . . Launcher 1 | . 1 . . Special Weapon . | . . . . Impact Weapon . | . . . . Slashing Weapon . | . . . . Piercing Weapon . | . . . . Special Melee Weapon . | . . . . Unidentified Prototypes . | . . . . Parts Lost 10 | . . 10 . Power 1 | . . 1 . Propulsion 4 | . . 4 . Utility 1 | . . 1 . Weapon 4 | . . 4 . Highest Loss Streak 6 | . . 6 . To Critical Strikes . | . . . . Average Slot Usage (%) 84 | . 97 73 77 Engine 11 | . 14 9 11 Treads 17 | . 28 10 . Leg 3 | . . 5 22 Storage 18 | . 14 22 22 Processor 1 | . . 2 11 Protection 8 | . 12 5 . Ballistic Gun 12 | . 14 11 11 Launcher 8 | . 13 5 . Naked Turns . | . . . . Heaviest Build 36 | 14 33 36 . Greatest Support 40 | 40 40 40 . Greatest Overweight (x) 9 | 1 . 9 . Average Overweight (x) . | . . 1 . Largest Inventory Capacity 15 | 8 15 15 15 Average Capacity 11 | 7 9 15 15 Most Carried 11 | 7 10 11 3 Average Carried 7 | 5 7 7 3 Final Capacity 15 | 8 15 15 15 Final Carried 10 | 6 10 3 3 Class Distribution -------------------- 100% | Mutant Dominant Class ---------------- Mutant | -10/Materials Mutant | -9/Materials Mutant | -9/Mines Resources | -11 -10 -9 -9 ----------- Run | Yrd Mat Mat Min Matter Collected 734 | 282 91 361 . Remotely . | . . . . Salvage Created 876 | 102 215 559 . Parts 56 | 4 22 30 . Haulers Intercepted . | . . . . Recyclers Shooed 2 | . . 2 . Parts Field Recycled . | . . . . Retrieved Matter . | . . . . Parts Self-Destructed . | . . . . Prevented . | . . . . Kills | -11 -10 -9 -9 ------- Run | Yrd Mat Mat Min Combat Hostiles Destroyed 19 | . 7 12 . Guns 7 | . 1 6 . AOE 12 | . 6 6 . Classes Destroyed 10 | 2 4 4 . Builder 4 | . 1 3 . Tunneler 3 | 1 2 . . Recycler 3 | 1 . 2 . Mechanic 1 | . . 1 . Operator 1 | . . 1 . Watcher 3 | . 2 1 . Swarmer 3 | . 3 . . Grunt 11 | . 4 7 . Duelist 1 | . . 1 . Sentry 4 | . . 4 . Best Kill Streak 8 | 2 8 7 . Combat Bots Only 5 | . 5 4 . Max Kills in Single Turn 3 | 1 3 2 . Gunslinging . | . . . . Exploded 3 | . 3 1 . Melee . | . . . . Uniques/NPCs Destroyed . | . . . . Combat | -11 -10 -9 -9 -------- Run | Yrd Mat Mat Min Hostile Shots Fired 117 | . 7 101 9 Missed 25 | . 2 18 5 Damage Taken 1478 | . 111 1275 92 Core 434 | . 13 385 36 Absorbed by Shields . | . . . . Core Remaining (%) 97 | 100 94 . . Volleys Fired 72 | 4 11 52 5 Largest 2 | 2 2 2 1 Hottest 63 | 60 50 63 23 Shots Fired 110 | 8 21 76 5 Gun 80 | 8 11 56 5 Cannon . | . . . . Launcher 30 | . 10 20 . Special . | . . . . Kinetic 75 | 4 11 55 5 Thermal . | . . . . Explosive 30 | . 10 20 . Electromagnetic 5 | 4 . 1 . Robot Hit Streak 15 | 3 2 11 15 Robot Miss Streak 3 | 1 3 1 . Penetration Max . | . . . . Secondary Targets 1 | . . 1 . Max Gunslinging Chain 1 | . . 1 . Shots Hit Robots 49 | 5 5 35 4 Core Hits 63 | 2 19 41 1 Critical Kills . | . . . . Critical Parts Destroyed . | . . . . Critical Strikes . | . . . . Melee Attacks . | . . . . Impact . | . . . . Slashing . | . . . . Piercing . | . . . . Sneak Attacks . | . . . . Combat Hostiles . | . . . . Follow-up Attacks . | . . . . Damage Inflicted 2013 | 65 400 1472 76 Guns 577 | 65 23 413 76 Cannons . | . . . . Explosions 1416 | . 366 1050 . Melee . | . . . . Ramming 20 | . 11 9 . Kinetic 521 | 24 23 398 76 Thermal . | . . . . Explosive 1416 | . 366 1050 . Electromagnetic 56 | 41 . 15 . Impact . | . . . . Slashing . | . . . . Piercing . | . . . . Highest Corruption . | . . . . Average Corruption . | . . . . Corruption Purged . | . . . . Corruption Blocked . | . . . . Overload Shots . | . . . . Overflow Damage 45 | . . 45 . Projectiles . | . . . . Explosions 45 | . . 45 . Melee . | . . . . Knockbacks . | . . . . Impact . | . . . . Kinetic . | . . . . Secondary . | . . . . Self-Inflicted Damage 192 | . 54 138 . Shots 11 | . 3 8 . Rammed 3 | . 1 2 . Targets Rammed 5 | . 1 4 . Kicked 2 | . . 2 . Crushed . | . . . . Highest Temperature 32 | . 15 32 . Average Temperature 9 | . 9 9 . Received Heat Transfer 561 | . 30 519 12 Siege Activations . | . . . . Robots Corrupted . | . . . . Combat Hostiles . | . . . . Parts Fried 1 | 1 . . . Impact Corruptions . | . . . . Robots Melted . | . . . . Combat Hostiles . | . . . . Parts Melted . | . . . . Heat Transferred . | . . . . Parts Sabotaged . | . . . . Parts Stolen . | . . . . Parts Stripped . | . . . . Power Chain Reactions . | . . . . Alert | -11 -10 -9 -9 ------- Run | Yrd Mat Mat Min Peak Influence 589 | 10 298 589 244 Initial 229 | . 6 125 229 Average 271 | 5 141 447 242 Maximum Alert Level 2 | . 1 2 1 Low Security (%) 37 | 100 56 6 . Level 1 29 | . 43 23 100 Level 2 33 | . . 70 . Level 3 . | . . . . Level 4 . | . . . . Level 5 . | . . . . High Security . | . . . . Max Security . | . . . . Squads Dispatched 3 | . 1 2 . Investigation . | . . . . Extermination . | . . . . Reinforcement 3 | . 1 2 . Assault . | . . . . Garrison . | . . . . Intercept . | . . . . Searches Triggered . | . . . . Construction Impeded 1 | . . 1 . Haulers Reinforced . | . . . . Active Scanning Responses . | . . . . Cargo Convoy Interrupts . | . . . . Stealth | -11 -10 -9 -9 --------- Run | Yrd Mat Mat Min Distress Signals 1 | . . 1 . Communications Jammed . | . . . . Distress Signals . | . . . . Times Spotted 36 | . 8 25 3 Peak Tracking Total 6 | . 4 6 3 Tactical Retreats . | . . . . Traps | -11 -10 -9 -9 ------- Run | Yrd Mat Mat Min Traps Triggered . | . . . . Indirectly . | . . . . Trap Hack Attempts . | . . . . Triggered . | . . . . Disarmed . | . . . . Reprogrammed . | . . . . Reused . | . . . . Traps Extracted . | . . . . Installed . | . . . . Triggered . | . . . . Machines | -11 -10 -9 -9 ---------- Run | Yrd Mat Mat Min Machines Disabled 5 | . . 5 . Max in Single Turn 2 | . . 2 . Machines Repaired . | . . . . Machines Dismantled . | . . . . Machines Sabotaged . | . . . . Overloaded Fab Kills . | . . . . Hacking | -11 -10 -9 -9 --------- Run | Yrd Mat Mat Min Machines Accessed . | . . . . Terminals . | . . . . Fabricators . | . . . . Repair Stations . | . . . . Recycling Units . | . . . . Scanalyzers . | . . . . Garrison Access . | . . . . Total Hacks . | . . . . Successful . | . . . . Failed . | . . . . Catastrophic . | . . . . Database Lockouts . | . . . . Manual . | . . . . Terminals . | . . . . Fabricators . | . . . . Repair Stations . | . . . . Recycling Units . | . . . . Scanalyzers . | . . . . Garrison Access . | . . . . Terminal Hacks . | . . . . Fabricator Hacks . | . . . . Repair Station Hacks . | . . . . Recycling Unit Hacks . | . . . . Scanalyzer . | . . . . Garrison Access Hacks . | . . . . Unauthorized Hacks . | . . . . Terminals . | . . . . Fabricators . | . . . . Repair Stations . | . . . . Recycling Units . | . . . . Scanalyzers . | . . . . Garrison Access . | . . . . Data Cores Recovered . | . . . . Used . | . . . . Hacking Detections . | . . . . Full Trace Events . | . . . . Feedback Events . | . . . . Feedback Blocked . | . . . . Robot Schematics Acquired . | . . . . Robots Built . | . . . . Authchips . | . . . . Time . | . . . . Total Robot Build Rating . | . . . . Part Schematics Acquired . | . . . . Parts Built . | . . . . Authchips . | . . . . Time . | . . . . Total Part Build Rating . | . . . . Parts Repaired . | . . . . Time . | . . . . Parts Recycled . | . . . . Recycled Matter . | . . . . Retrieved Matter . | . . . . Retrieved Components . | . . . . Parts Scanalyzed . | . . . . Part Schematics Acquired . | . . . . Parts Damaged . | . . . . Bothacking | -11 -10 -9 -9 ------------ Run | Yrd Mat Mat Min Used RIF Installer . | . . . . Robots Hacked . | . . . . Non-combat . | . . . . Combat . | . . . . Robot Hacks Applied . | . . . . Relay Couplers Released . | . . . . Fabnet Peak Effective % . | . . . . Robots Rewired . | . . . . Allies Hacked . | . . . . Hacks Repelled . | . . . . Allies | -11 -10 -9 -9 -------- Run | Yrd Mat Mat Min Total Allies . | . . . . Largest Group . | . . . . Highest-Rated Group . | . . . . Highest-Rated Ally . | . . . . Total Orders . | . . . . Ally Attacks . | . . . . Total Damage . | . . . . Kills . | . . . . Allies Corrupted . | . . . . Allies Melted . | . . . . Intel | -11 -10 -9 -9 ------- Run | Yrd Mat Mat Min Robot Analysis Total . | . . . . Derelict Logs Recovered . | . . . . Drone Launches . | . . . . Drone Recoveries . | . . . . Exploration | -11 -10 -9 -9 ------------- Run | Yrd Mat Mat Min Turns Passed 755 | 91 297 358 9 Spaces Moved 311 | 53 157 101 . Core 25 | 18 . 7 . Treads 235 | 31 157 47 . Legs 44 | . . 44 . Wheels 7 | 4 . 3 . Hover . | . . . . Flight . | . . . . Fastest Speed 50 | 50 160 105 . Average Speed 164 | 119 160 194 . Slowest Speed 500 | 160 160 500 . Overloaded Moves . | . . . . Propulsion Burnouts . | . . . . Robots Hopped . | . . . . Cave-ins Triggered . | . . . . Exploration Rate (%) 14 | 3 29 21 3 Regions Visited 3 Branch Regions 1 Pre-discovered Areas . | . . . . Known Exits Taken . | . . . . Unknown Exits Taken 3 | 1 1 1 . Scrap Searched . | . . . . Spaces Dug 5 | . 5 . . Terrain Destroyed 130 | . 50 80 . Melee . | . . . . Projectile . | . . . . AOE 130 | . 50 80 . Terrain Rammed . | . . . . Walls Destroyed . | . . . . Machines Disabled . | . . . . Actions | -11 -10 -9 -9 --------- Run | Yrd Mat Mat Min Total 447 | 72 181 189 5 Wait 16 | . . 16 . Move 308 | 52 156 100 . Hop . | . . . . Pick Up 19 | 8 7 4 . Fast Attach 4 | 4 . . . Attach 15 | 3 1 11 . Detach 2 | 1 . 1 . Swap 3 | . 3 . . Drop 3 | . 2 1 . Fire 72 | 4 11 52 5 Melee . | . . . . Ram 1 | . . 1 . Kick 2 | . . 2 . Crush 2 | . 1 1 . Escape Stasis . | . . . . Rewire . | . . . . Trap . | . . . . Miscellaneous . | . . . . Route ------- -11/Scrapyard -10/Materials -9/Materials -9/Mines History --------- Turn | Location | Event 9 | -11/Scrapyard | Discovered new exit (range 15) 92 | -11/Scrapyard | Entered Materials 325 | -10/Materials | Build established: Mutant 360 | -10/Materials | Discovered new exit (range 7) 389 | -10/Materials | Entered another Materials area 389 | -9/Materials | Evolved 2 slots: Propulsion x1, Utility x1 585 | -9/Materials | Lost 4 parts (2n1u1w) 611 | -9/Materials | Core integrity fell below 50% 623 | -9/Materials | Core integrity fell below 20% 656 | -9/Materials | Lost 6 parts (1p2n3w) 725 | -9/Materials | Discovered new exit (range 13) 747 | -9/Materials | Entered Mines 756 | -9/Mines | Destroyed by L-31 Rogue with Katana Last Messages --------------- 00667_ Acquired Ion Engine. 00668_ K-01 Serf collects debris. 00669_ Acquired 39 matter. 00670_ U-05 Engineer lays Concrete. 00671_ K-01 Serf collects debris. 00672_ U-05 Engineer lays Concrete. 00683_ U-05 Engineer builds a Wall. 00685_ Acquired 29 matter. 00689_ K-01 Serf collects debris. 00692_ Acquired 20 matter. 00693_ K-01 Serf collects debris. 00704_ R-06 Scavenger collects Aluminum Leg. 00707_ R-06 Scavenger collects Hvy. Assault Rifle. 00710_ R-06 Scavenger collects Aluminum Leg. 00725_ EXIT=FOUND 00740_ Kicked K-01 Serf out of the way. LOCATION=UNKNOWN GOAL=ESCAPE Something is scanning the area. Map ----- +----------------------------------------------------+ | | | | | | | | | | | | | | | | | | | | | | | | | ??????????????????????????????????????????????? | | ??????????????????????????????????????????????? | | ??????????????????????????????????????????????? | | ??????????????????????????????????????????????? | | ??????????????????????????????????????????????? | | ??????????????????????????????????????????????? | | ??????????????????????????????????????????????? | | ??????????????????????????????????????????????? | | ????????????????????????????#####??? #????????? | | ??????????????????????????## ## ?????????? | | ????????????????????????## ???????????? | | ???????????????????????## g ??????????????? | | ??????????????????????## lg #????????????????? | | ??????????????????????# @ #?????????????????? | | ?????????????????????# #?????????????????? | | ?????????????????????# #?????????????????? | | ?????????????????????## ##?????????????????? | | ??????????????????????## ##??????????????????? | | ???????????????????????## #???????????????????? | | ????????????????????????# ???????????????????? | | ???????????????????????? #???????????????????? | | ????????????????????????# #???????????????????? | | ????????????????????????# ???????????????????? | | ?????????????????????????##???????????????????? | | ??????????????????????????????????????????????? | | ??????????????????????????????????????????????? | | ??????????????????????????????????????????????? | | ??????????????????????????????????????????????? | | ??????????????????????????????????????????????? | | ??????????????????????????????????????????????? | | ??????????????????????????????????????????????? | | ??????????????????????????????????????????????? | | ??????????????????????????????????????????????? | | ??????????????????????????????????????????????? | | ??????????????????????????????????????????????? | | ??????????????????????????????????????????????? | | ??????????????????????????????????????????????? | | ??????????????????????????????????????????????? | +----------------------------------------------------+ Best States ------------- Heat Dissipation 28 Energy Generation 10 Energy Capacity 450 Matter Stores 300 Matter Capacity 300 Sight Range 18 Terrain Scan Density 10 Armor Coverage 150 Evasion (%) 50 Recoil Reduction 2 Item Schematics ----------------- None Robot Schematics ------------------ None Fabricated ------------ Nothing Alien Tech Used ----------------- None Achievements -------------- None Challenges ------------ None Game ------ Seed EncryptedNeutrinoMultirail Manual? 0 Play Time 00:08:32 Cumulative 7.4 hours Start 2024.05.09 @ 18:10:09 End 2024.05.09 @ 18:18:51 Sessions 1 Manual Loads 0 Difficulty Rogue Special Mode None Game No. 17 Rogue 17 Adventurer 0 Explorer 0 Win Type - Total 0 Types 0/0/0/0/0/0/0/0/0 Lore% 3 Gallery% 14 Achievement% 11 Wizard Run 0 Options --------- Layout 1 ASCII 0 Keyboard 0 Movement Mouse Keybinds 0 Fullscreen 2 Font 32/SmallcapsGlow Map View 50x35 Zoom Use 0% Tactical HUD 1 Map Filters NONE Filters NONE Steam 1 RUN: 1c911aa4-e970-4cc5-b6e8-2600fadd46f0